 Dungeon Crawl Stone Soup version 0.31-b1-20-g67cafac56d (webtiles) character file.

Game seed: 12990177909621676918

116 Cheops the Poker (level 5, -2/41 HPs)
             Began as a Formicid Fighter on Jan 17, 2024.
             Slain by a wyvern (11 damage)
             ... on level 4 of the Dungeon.
             The game lasted 00:05:07 (2763 turns).

Cheops the Poker (Formicid Fighter)                 Turns: 2763, Time: 00:05:08

Health: -2/41      AC:  8    Str: 23      XL:     5   Next: 21%
Magic:  5/5        EV:  9    Int:  7      God:
Gold:   172        SH:  4    Dex: 10 (13) Spells: 4/4 levels left

rFire   . . .        a - +0 trident
rCold   . . .        c - +0 buckler
rNeg    . . .        b - +0 scale mail
rPois   .            (helmet unavailable)
rElec   .            D - +0 cloak
rCorr   +            (no gloves)
SInv    +            (no boots)
Will    +....        A - amulet of the acrobat Stlth
                     g - ring of willpower
HPRegen 0.26/turn    r - ring of resist corrosion
MPRegen 0.09/turn

%: acrobat
@: mighty
A: permanent stasis, dig shafts and tunnels, antennae 3, four strong arms
a: Dig, Shaft Self


You were on level 4 of the Dungeon.
You visited 1 branch of the dungeon, and saw 4 of its levels.

You collected 172 gold pieces.

Inventory:

Hand Weapons
 a - a +0 trident (weapon)
Armour
 b - a +0 scale mail (worn)
 c - a +0 buckler (worn)
 z - the +4 scale mail of the Lachrymose God {rPois rN+++ Slay-6}
   (You found it on level 3 of the Dungeon)

   Slay-6:    It affects your accuracy & damage with ranged weapons and melee
   (-6).
   rPois:     It protects you from poison rN+++: It renders you almost immune to
   negative energy.
 D - a +0 cloak (worn)
Magical Staves
 k - a staff of conjuration
 l - a staff of fire
Jewellery
 g - a ring of willpower (left hand)
 r - a ring of resist corrosion (right hand)
 A - an amulet of the acrobat (around neck)
Scrolls
 i - a scroll of noise {unknown}
 m - a scroll of torment {unknown}
 n - a scroll of silence {unknown}
 p - a scroll of poison {unknown}
 t - a scroll of fog {unknown}
 v - a scroll of brand weapon {unknown}
 x - 3 scrolls of identify {unknown}
 y - a scroll of enchant weapon {unknown}
Potions
 e - a potion of brilliance {unknown}
 f - 4 potions of curing {unknown}
 h - a potion of ambrosia {unknown}
 j - a potion of lignification {unknown}
 o - a potion of heal wounds {unknown}
 q - a potion of degeneration {unknown}
 s - a potion of magic {unknown}
 u - a potion of resistance {unknown}
 w - a potion of invisibility {unknown}
 B - a potion of haste {unknown}
 C - a potion of mutation {unknown}


   Skills:
 - Level 3.2 Fighting
 + Level 5.0 Polearms
 - Level 3.2 Armour
 - Level 4.0 Shields


You had 4 spell levels left.
You didn't know any spells.
Your spell library contained the following spells:

 Spells                   Type           Power      Damage    Failure   Level
 Slow                     Hex            0%         N/A       80%         1
 Confusing Touch          Hex            0%         N/A       99%         3
 Sigil of Binding         Hex            0%         N/A       99%         3
 Vampiric Draining        Necr           0%         2d6       99%         3
 Conjure Ball Lightning   Conj/Air       0%         3x3d6     100%        6
 Discord                  Hex            0%         N/A       100%        8
 Disjunction              Tloc           0%         N/A       100%        8


Dungeon Overview and Level Annotations

Branches:
Dungeon (4/15)
 Temple: D:4-7

Altars:
Uskayaw

Shops:
D:2 :   D:3 :


Innate Abilities, Weirdness & Mutations

You cannot be hasted, slowed, berserked, paralysed or teleported.
You can dig through walls and to a lower floor.
You have a pair of large antennae on your head. (SInv)
Your four strong arms can wield two-handed weapons with a shield.


Message History

Found a ring mail.
You now have 172 gold pieces (gained 10).
Found a chain mail.
You open the gate.
Found a hide-covered altar of Uskayaw.
There is an open gate here.
You see here a +0 ring mail.
Found an escape hatch in the ceiling.
You sense a monster nearby.
The wyvern hisses angrily.
A wyvern is nearby!
A wyvern is nearby!
A wyvern is nearby!
Press: ? - help, v - describe, . - travel A demonic tree.
You feel very mighty all of a sudden. The wyvern bites you.
You puncture the wyvern!
The wyvern is moderately wounded.
The wyvern bites you but does no damage.
The wyvern bites you.
You closely miss the wyvern.
The wyvern is moderately wounded.
The wyvern bites you but does no damage.
You closely miss the wyvern.
The wyvern is moderately wounded.
The wyvern bites you!
* * * LOW HITPOINT WARNING * * *
The wyvern closely misses you.
You hit the wyvern.
The wyvern is heavily wounded.
The wyvern bites you!
* * * LOW HITPOINT WARNING * * *
The wyvern closely misses you.
You completely miss the wyvern.
The wyvern is heavily wounded.
The wyvern bites you.
* * * LOW HITPOINT WARNING * * *
The wyvern bites you!
You die...

#.........# ##
##.....#....
#.##...........
##..........PP♣ ..
#..........§§♣♣..##
...........P......#
..P....#.k...♣P...##
........@##........#.
..P......##....#.....
##.............#.....
.....................
##.....<.............
#.......###.........
##.....## ##........
#...>...####........
#......#............


You could see a wyvern.

Vanquished Creatures
  A quasit (D:3)
  2 adders (D:2)
  A shadow imp (D:4)
  2 dart slugs
  3 endoplasms
  4 goblins
  6 hobgoblins
  11 jackals
  4 quokkas
  3 ball pythons
  A bat (D:2)
  3 frilled lizards
  5 kobolds
  5 rats
51 creatures vanquished.

Notes
Turn   | Place    | Note
-------+----------+-------------------------------------------
     0 | D:1      | Cheops the Formicid Fighter began the quest for the Orb.
     0 | D:1      | Reached XP level 1. HP: 18/18 MP: 1/1
    70 | D:1      | Reached XP level 2. HP: 12/24 MP: 2/2
   152 | D:1      | Reached skill level 3 in Polearms
   250 | D:1      | Reached XP level 3. HP: 28/29 MP: 3/3
   948 | D:2      | Found Xybbesapsi's Vocational Training.
   990 | D:2      | Reached skill level 4 in Polearms
   990 | D:2      | Reached XP level 4. HP: 35/35 MP: 4/4
  1565 | D:3      | Identified the +4 scale mail of the Lachrymose God {rPois
                  | rN+++ Slay-6}
  1834 | D:3      | Found Omoykh's Book Shoppe.
  2565 | D:3      | Reached XP level 5. HP: 36/41 MP: 5/5
  2594 | D:4      | Reached skill level 5 in Polearms
  2643 | D:4      | Noticed a wyvern
  2719 | D:4      | Found a hide-covered altar of Uskayaw.
  2763 | D:4      | Slain by a wyvern

Illustrated notes

Levels and vault maps discovered:
D:1:      wander_arrival_abandoned_jail, layout_basic
D:2:      layout_loops_ring, nicolae_shop_vocational
D:3:      layout_loops_corners, serial_shops, nicolae_shop_getting_attention,
          grunt_ministairs_7, kennysheep_generic_room_16
D:4:      layout_cave_pools, mainiacjoe_overflow_alcove_4, kennysheep_mini_moat,
          serial_demonic, serial_demonic_c, serial_demonic_f, serial_demonic_b,
          serial_demonic_b, serial_demonic_g, serial_demonic_f

Skill      XL: |  1  2  3  4  5 |
---------------+----------------+-----
Polearms       | 3 4 5 |  5.0
Fighting       | |  3.2
Armour         | |  3.2
Shields        | |  4.0

Action                     |  1- 3 |  4- 6 || total
---------------------------+-------+-------++-------
  Melee: Trident           |    96 |   107 ||   203
    Use: Potion            |       |     1 ||     1
 Armour: Scale mail        |    65 |    98 ||   163
  Dodge: Dodged            |    33 |    68 ||   101
  Block: Buckler           |    16 |    33 ||    49
